 Dungeon Crawl Stone Soup version 0.27-a0-1434-g6f15984924 (webtiles) character file.

Game seed: 4659585910376964675

123 Sin92 the Covered (level 4, -4/41 HPs)
             Began as a Minotaur Fighter on July 3, 2021.
             Slain by Grinder (5 damage)
             ... while paralysed by Grinder
             ... on level 3 of the Dungeon.
             The game lasted 00:03:07 (2914 turns).

Sin92 the Covered (Minotaur Fighter)                Turns: 2914, Time: 00:03:07

Health: -4/41      AC:  7    Str: 22    XL:     4   Next: 79%
Magic:  3/3        EV:  2    Int:  5    God:
Gold:   58         SH:  0    Dex:  9    Spells: 3/3 levels left

rFire    . . .     SeeInvis .   a - +0 war axe
rCold    . . .     Faith    .   c - +0 kite shield
rNeg     . . .     Spirit   .   b - +0 scale mail
rPois    .         Reflect  .   (helmet restricted)
rElec    .         Harm     .   (no cloak)
rCorr    .         Rampage  .   (no gloves)
Will     .....                  (no boots)
Stlth    ..........             (no amulet)
HPRegen  0.13/turn              (no ring)
MPRegen  0.08/turn              (no ring)

@: paralysed, mighty
A: horns 2, retaliatory headbutt
a: no special abilities


You were on level 3 of the Dungeon.
You visited 1 branch of the dungeon, and saw 3 of its levels.

You collected 58 gold pieces.

Inventory:

Hand Weapons
 a - a +0 war axe (weapon)
Armour
 b - a +0 scale mail (worn)
 c - a +0 kite shield (worn)
Jewellery
 f - an amulet of magic regeneration
Scrolls
 g - a scroll of identify
Potions
 e - 2 potions of heal wounds {unknown}
 h - a potion of ambrosia {unknown}
 i - 3 potions of curing
 j - a potion of resistance {unknown}
 k - a potion of degeneration
 l - a potion of experience {unknown}
 n - a potion of brilliance


   Skills:
 + Level 4.3 Fighting
 + Level 3.4 Axes
 + Level 4.4 Armour
 + Level 1.9 Dodging
 + Level 4.4 Shields


You had 3 spell levels left.
You didn't know any spells.
Your spell library contained the following spells:

 Spells                   Type           Power      Damage    Failure   Level
 Conjure Flame            Conj/Fire      0%         6-21      100%        3
 Ignite Poison            Fire/Tmut/Pois 0%         N/A       100%        3
 Sticky Flame             Conj/Fire      0%         2d3       100%        4


Dungeon Overview and Level Annotations

Branches:
Dungeon (3/15)

Altars:

Annotations:
D:3 Grinder


Innate Abilities, Weirdness & Mutations

You have a pair of horns on your head.
You reflexively headbutt those who attack you in melee.


Message History

You closely miss Grinder. You headbutt Grinder, but do no damage.
Grinder closely misses you.
It was a potion of curing.
You feel better. Grinder hits you.
You feel very mighty all of a sudden. Grinder hits you.
You writhe in agony.
You slash Grinder! Your headbutt misses Grinder.
Grinder is moderately wounded.
Grinder gestures at you. Pain shoots through your body!
Grinder gestures at you.
You suddenly lose the ability to move!
Grinder blinks!
Grinder gestures at you. You resist with significant effort.
You can move again.
Grinder gestures at you.
You shrug off the repeated paralysis!
You closely miss Grinder.
Grinder is moderately wounded.
Grinder hits you but does no damage.
You slash Grinder!
Grinder is severely wounded.
Grinder says, "I used to sell toenails on the black market."
You block Grinder's attack. Grinder gestures at you.
Pain shoots through your body!
Your shield and scale mail prevent you from hitting Grinder.
Grinder is severely wounded.
Grinder gestures at you.
You suddenly lose the ability to move!
Grinder gestures at you. Pain shoots through your body!
* * * LOW HITPOINT WARNING * * *
Grinder hits you.
* * * LOW HITPOINT WARNING * * *
Grinder hits you but does no damage. Grinder hits you.
* * * LOW HITPOINT WARNING * * *
You writhe in agony.
You die...

###### ### ##....
... ####...## ###
###.......#######
#...5...........#
#..@......#####.####
#.#####..## #..... #
#...# ###### #!...#
#.8.## #...# ##..#
##.#


You could see Grinder.

Vanquished Creatures
  Robin (D:3)
  3 adders (D:2)
  2 worms (D:2)
  A dart slug (D:1)
  An orc (D:3)
  8 bats
  6 endoplasms
  3 giant cockroaches
  15 goblins
  7 hobgoblins
  5 jackals
  4 kobolds
  3 quokkas
  2 ball pythons
  3 frilled lizards
  7 rats
71 creatures vanquished.

Notes
Turn   | Place    | Note
-------+----------+-------------------------------------------
     0 | D:1      | Sin92 the Minotaur Fighter began the quest for the Orb.
     0 | D:1      | Reached XP level 1. HP: 19/19 MP: 0/0
   202 | D:1      | Reached XP level 2. HP: 27/27 MP: 1/1
   522 | D:1      | Reached skill level 1 in Dodging
   978 | D:1      | Reached XP level 3. HP: 33/33 MP: 2/2
  1520 | D:2      | Found a faded altar of an unknown god.
  2035 | D:2      | Reached XP level 4. HP: 31/40 MP: 3/3
  2576 | D:3      | Noticed Robin
  2601 | D:3      | Killed Robin
  2892 | D:3      | Noticed Grinder
  2894 | D:3      | Paralysed by Grinder for 2 turns
  2904 | D:3      | Paralysed by Grinder for 4 turns
  2911 | D:3      | Paralysed by Grinder for 4 turns
  2914 | D:3      | HP: 1/41 [Grinder (3)]
  2914 | D:3      | Slain by Grinder

Illustrated notes

Levels and vault maps discovered:
D:1:      nagdon_arrival_double_spiral, layout_basic, minmay_tetromino_l4
D:2:      layout_loops_ring, hellmonk_ecumenical_altar_heavens_door,
          serial_aquarium, aquarium_bridge_square [aquarium_subvault_bridge,
          aquarium_subvault_wall, aquarium_subvault_balcony,
          aquarium_subvault_window], aquarium_bridge_straight
          [aquarium_subvault_bridge, aquarium_subvault_wall,
          aquarium_subvault_bridge, aquarium_subvault_window],
          aquarium_window_3, aquarium_window_double, aquarium_window_2,
          aquarium_view_2f, aquarium_view_2d, aquarium_pool_four
D:3:      layout_loops_ring, general_overflow_altar, mrwooster_statue_mirror,
          uniq_robin, uniq_grinder

Skill      XL: |  1  2  3 |
---------------+----------+-----
Dodging        | 1 |  1.9
Armour         | 4 |  4.4
Shields        | 4 |  4.4
Fighting       | 4 |  4.3
Axes           | 3 |  3.4

Action                   |  1- 3 |  4- 6 || total
-------------------------+-------+-------++-------
Melee: War axe           |   112 |    56 ||   168
       Headbutt          |    13 |     9 ||    22
  Use: Scroll            |       |     5 ||     5
       Potion            |       |     2 ||     2
Armor: Scale mail        |    61 |    11 ||    72
Dodge: Dodged            |    33 |    18 ||    51
Block: Kite shield       |    57 |    22 ||    79

Table legend: (Time is in decaauts)
 A = Elapsed time spent in this place.
 B = Non-inter-level travel time spent in this place.
 C = Inter-level travel time spent in this place.
 D = Time resting spent in this place.
 E = Time spent auto-exploring this place.
 F = Levels seen in this place.
 G = Mean time per level.
                   A        B        C        D        E       F      G
               +--------+--------+--------+--------+--------+-----+--------+
         Total |   3009 |   2893 |    116 |    314 |   2124 |   3 | 1003.0 |
       Dungeon |   3009 |   2893 |    116 |    314 |   2124 |   3 | 1003.0 |
               +--------+--------+--------+--------+--------+-----+--------+

Top non-repeatable levels by time:
     D:1: 1395 daAuts
     D:2: 1034 daAuts
     D:3: 580 daAuts
